 Dungeon Crawl Stone Soup version 0.31-a0-1388-g4b2ba238e7 (webtiles) character file.

Game seed: 1886452446726530603

1887 Fodor the Cleaver (level 8, -2/64 (71) HPs)
             Began as a Minotaur Fighter on Dec 24, 2023.
             Was an Initiate of Gozag.
             Slain by a wight
             ... wielding a +4 halberd of freezing
              (9 damage)
             ... on level 6 of the Dungeon.
             The game lasted 00:28:38 (5665 turns).

Fodor the Cleaver (Minotaur Fighter)                Turns: 5665, Time: 00:28:38

HP:   -2/64 (71)    AC: 10    Str: 23      XL:     8   Next: 92%
MP:   6/6           EV:  9    Int:  4 (5)  God:    Gozag
Gold: 713           SH:  0    Dex: 11 (12) Spells: 7/7 levels left

rFire   . . .        a - +0 battleaxe (heavy)
rCold   . . .        (shield currently unavailable)
rNeg    . . .        b - +0 chain mail
rPois   .            (helmet restricted)
rElec   .            (no cloak)
rCorr   .            (no gloves)
SInv    .            (no boots)
Will    ++...        (no amulet) Stlth
                     e - ring of willpower
HPRegen 0.30/turn    u - ring of willpower
MPRegen 0.10/turn

%: no passive effects
@: gold aura, drained
A: horns 2, retaliatory headbutt, thin skeletal structure 1, low MP 1, screaming
1
a: Renounce Religion, Potion Petition, Call Merchant, Bribe Branch


You were on level 6 of the Dungeon.
You worshipped Gozag.
Gozag was pleased with you.
You visited 2 branches of the dungeon, and saw 7 of its levels.

You collected 770 gold pieces.
You paid 57 gold pieces to Gozag.

Inventory:

Hand Weapons
 a - a +0 heavy battleaxe (weapon)
Missiles
 o - 13 boomerangs (quivered)
 t - a throwing net
Armour
 b - a +0 chain mail (worn)
 c - a +0 buckler
 i - an orb of wrath
Jewellery
 e - a ring of willpower (left hand)
 u - a ring of willpower (right hand)
Wands
 n - a wand of flame (13)
 v - a wand of digging (6)
Scrolls
 f - a scroll of immolation {unknown}
 g - 3 scrolls of teleportation
 h - a scroll of noise {unknown}
 j - 2 scrolls of fog {unknown}
 k - 2 scrolls of amnesia
 l - 3 scrolls of vulnerability
 m - a scroll of fear {unknown}
 q - a scroll of blinking {unknown}
 r - 2 scrolls of enchant armour
Potions
 d - 2 potions of might
 p - 2 potions of heal wounds {unknown}
 s - a potion of lignification


   Skills:
 + Level 6.4 Fighting
 + Level 9.7 Axes
 + Level 7.8 Armour
 + Level 1.9 Dodging
 + Level 1.2 Stealth
 + Level 5.4 Shields


You had 7 spell levels left.
You didn't know any spells.
Your spell library was empty.

Dungeon Overview and Level Annotations

Branches:
Dungeon (6/15)             Temple (1/1) D:4

Altars:
Ashenzari
Cheibriados
Dithmenos
Fedhas
Gozag
Hepliaklqana
Kikubaaqudgha
Makhleb
Nemelex Xobeh
Okawaru
Qazlal
Ru
Sif Muna
Trog
Uskayaw
Vehumet
Wu Jian
Xom
Yredelemnul
Zin
The Shining One

Shops:
D:5 (

Annotations:
D:6 3 runed translucent doors, BlackBloode's ghost, novice DECj


Innate Abilities, Weirdness & Mutations

You have a pair of horns on your head.
You reflexively headbutt those who attack you in melee.
You have a somewhat thin skeletal structure. (Dex +2, Stealth+)
Your magical capacity is low. (-10% MP)
You occasionally shout uncontrollably at your foes.


Message History

You destroy the wight!
You closely miss the white imp.
The white imp picks up a beetle and eats it.
The white imp gestures at you. The puff of frost hits you.
The wight barely misses you. The white imp closely misses you.
You furiously retaliate!
You headbutt the white imp. The wight barely misses you.
You slice the white imp!!
You kill the white imp!
The wight is distracted by your dazzling golden aura.
The orc is distracted by your dazzling golden aura.
Things that are here:
10 gold pieces; a +0 short sword of flaming; a +0 robe You completely miss the wight.
The wight is no longer distracted by gold.
The wight hits you with a +4 halberd of freezing!
You feel drained. The wight freezes you.
The wight hits you with a +4 halberd of freezing!
You feel drained. The wight freezes you.
You completely miss the wight.
The orc is no longer distracted by gold.
The wight hits you with a +4 halberd of freezing.
* * * LOW HITPOINT WARNING * * *
The wight freezes you.
* * * LOW HITPOINT WARNING * * *
The wight is distracted by your dazzling golden aura.
You barely miss the wight. The wight hits you but does no damage.
The wight misses you.
You barely miss the wight. You headbutt the wight.
The wight is moderately damaged.
The wight is no longer distracted by gold.
The wight hits you with a +4 halberd of freezing!
* * * LOW HITPOINT WARNING * * *
You feel drained.
* * * LOW HITPOINT WARNING * * *
The wight freezes you.
* * * LOW HITPOINT WARNING * * *
The wight hits you with a +4 halberd of freezing!
You die...
Your body crumbles into a pile of gold.

#..#.#..###.
##...##.##.. ##......#.#
#.##...#.# #)###....#
#### #)###..### #..####
#)##...# #.
#.....###)##.#.# ..
#@###...<..#.#.# ####.
#z##.........#.###
...#.##z#..........#....
......oo#..........#....
#......o................
#####..............###..
#...:................#
#.###...........####..
#. #.#..........###..


You could see an orc warrior, 2 wights and 2 orcs.

Vanquished Creatures
  Pikel (D:4)
  2 water moccasins (D:6)
  An ogre (D:6)
  A lemure (D:4)
  A kobold brigand (D:5)
  Blork the orc (D:5)
  A scorpion (D:4)
  A wight (D:6)
  2 howler monkeys (D:5)
  2 bombardier beetles (D:4)
  A gnoll bouda (D:6)
  2 orc priests
  4 hounds (D:5)
  2 iguanas
  A sleepcap (D:4)
  Natasha (D:4)
  4 orc wizards
  19 gnolls
  4 adders
  A white imp (D:6)
  2 ufetubi (D:6)
  A worm (D:3)
  3 dart slugs
  25 orcs
  4 ball pythons
  5 endoplasms
  A giant cockroach (D:1)
  9 goblins
  3 hobgoblins
  16 jackals
  6 quokkas
  4 bats
  2 frilled lizards
  4 kobolds
  3 rats
140 creatures vanquished.

Notes
Turn   | Place    | Note
-------+----------+-------------------------------------------
     0 | D:1      | Fodor the Minotaur Fighter began the quest for the Orb.
     0 | D:1      | Reached XP level 1. HP: 19/19 MP: 0/0
   134 | D:1      | Reached XP level 2. HP: 27/27 MP: 1/1
   836 | D:2      | Reached XP level 3. HP: 30/33 MP: 2/2
  1147 | D:3      | Reached skill level 3 in Axes
  1522 | D:3      | Found a snail-covered altar of Cheibriados.
  1959 | D:4      | Reached XP level 4. HP: 15/40 MP: 3/3
  2267 | D:4      | Found a staircase to the Ecumenical Temple.
  2335 | D:4      | Reached skill level 4 in Axes
  2415 | D:4      | Found a blossoming altar of Fedhas.
  2451 | D:4      | Reached XP level 5. HP: 46/46 MP: 4/4
  2561 | D:4      | Reached skill level 5 in Armour
  2607 | D:4      | Found a shimmering altar of Xom.
  2625 | D:4      | Found an ancient bone altar of Kikubaaqudgha.
  2625 | D:4      | Noticed Natasha
  2633 | D:4      | Killed Natasha
  2660 | D:4      | Found a sparkling altar of Nemelex Xobeh.
  2669 | D:4      | Reached skill level 5 in Axes
  2669 | D:4      | Reached XP level 6. HP: 27/53 MP: 5/5
  2861 | D:4      | Noticed Pikel
  2875 | D:4      | Killed Pikel
  2876 | D:4      | Reached skill level 6 in Axes
  2876 | D:4      | Reached skill level 1 in Dodging
  2876 | D:4      | Reached XP level 7. HP: 21/60 MP: 6/6
  3068 | D:4      | Found a basalt altar of Yredelemnul.
  3124 | Temple   | Entered the Ecumenical Temple
  3140 | Temple   | Became a worshipper of Gozag Ym Sagoz the Greedy
  3215 | D:4      | Found a glowing silver altar of Zin.
  3317 | D:5      | Entered Level 5 of the Dungeon
  3550 | D:5      | Reached skill level 5 in Shields
  3619 | D:5      | Reached skill level 5 in Fighting
  3619 | D:5      | Reached skill level 7 in Axes
  3668 | D:5      | Found Lemenk's Weapon Emporium.
  3668 | D:5      | Found a shadowy altar of Dithmenos.
  3946 | D:5      | Noticed Blork the orc
  3955 | D:5      | Killed Blork the orc
  4395 | D:5      | Reached XP level 8. HP: 63/69 MP: 7/7
  4582 | D:5      | Reached skill level 8 in Axes
  4628 | D:5      | Reached skill level 1 in Stealth
  4628 | D:5      | Gained mutation: You have a somewhat thin skeletal
                  | structure. (Dex +2, Stealth+) [potion of mutation]
  4628 | D:5      | Gained mutation: You occasionally shout uncontrollably at
                  | your foes. [potion of mutation]
  4628 | D:5      | Gained mutation: Your magical capacity is low. (-10% MP)
                  | [potion of mutation]
  5174 | D:6      | Found a runed translucent gate.
  5174 | D:6      | Found a runed translucent gate.
  5174 | D:6      | Found a runed translucent gate.
  5176 | D:6      | Noticed BlackBloode's ghost (novice DECj)
  5331 | D:6      | Reached skill level 9 in Axes
  5665 | D:6      | Slain by a wight

Illustrated notes

Levels and vault maps discovered:
D:1:      scummos_arrival_gate, layout_rooms, nrook_mini_vaults
D:2:      layout_loops_ring
D:3:      layout_loops_ring, mainiacjoe_overflow_boulevard
D:4:      layout_basic, kennysheep_mini_moat, lemuel_tele_altar,
          mainiacjoe_overflow_swirl, fedhas_altar_1, mainiacjoe_overflow_paths,
          minmay_temple_entry_mini_moons, kennysheep_windowed_goal, uniq_pikel,
          uniq_natasha
D:5:      lemuel_castle_with_subvaults [lemuel_castle_interior_carwin_2],
          layout_loops_corners, nicolae_dithmenos_through_a_glass_darkly,
          serial_shops, shop, uniq_blork_the_orc
D:6:      layout_rooms, gammafunk_ghost_necromancy
Temple:   cyrus_circular_temple

Skill      XL: |  1  2  3  4  5  6  7  8 |
---------------+-------------------------+-----
Fighting       | 4 5 6 |  6.4
Armour         | 4 5 6 7 |  7.8
Shields        | 4 5 |  5.4
Axes           | 3 4 5 6 7 9 |  9.7
Dodging        | 1 |  1.9
Stealth        | 1 |  1.2

Action                     |  1- 3 |  4- 6 |  7- 9 || total
---------------------------+-------+-------+-------++-------
  Melee: War axe           |    71 |    52 |    40 ||   163
         Headbutt          |     9 |    11 |    17 ||    37
         Battleaxe         |       |       |   122 ||   122
    Use: Potion            |       |     1 |     4 ||     5
         Scroll            |       |       |     4 ||     4
 Armour: Scale mail        |    52 |       |       ||    52
         Chain mail        |     5 |    37 |   163 ||   205
         Skin              |       |       |    11 ||    11
  Dodge: Dodged            |    45 |    21 |   110 ||   176
  Block: Buckler           |    16 |    13 |     5 ||    34

Table legend: (Time is in decaauts)
 A = Elapsed time spent in this place.
 B = Non-inter-level travel time spent in this place.
 C = Inter-level travel time spent in this place.
 D = Time resting spent in this place.
 E = Time spent auto-exploring this place.
 F = Levels seen in this place.
 G = Mean time per level.
                   A        B        C        D        E       F      G
               +--------+--------+--------+--------+--------+-----+--------+
         Total |   5819 |   5631 |    188 |    909 |      0 |   7 |  831.3 |
       Dungeon |   5786 |   5598 |    188 |    909 |      0 |   6 |  964.3 |
        Temple |     32 |     32 |      0 |      0 |      0 |   1 |   32.0 |
               +--------+--------+--------+--------+--------+-----+--------+

Top non-repeatable levels by time:
     D:5: 1929 daAuts
     D:4: 1367 daAuts
     D:3: 814 daAuts
     D:2: 651 daAuts
     D:6: 530 daAuts
     D:1: 492 daAuts
  Temple: 32 daAuts
